 Dungeon Crawl Stone Soup version 0.21.1-1-g345015f (webtiles) character file.

323 Danielmont the Grave Robber (level 6, 0/41 HPs)
             Began as a Human Necromancer on Apr 13, 2018.
             Killed by divine providence
             ... invoked by an orc priest
              (14 damage)
             ... on level 4 of the Dungeon.
             The game lasted 00:45:27 (4217 turns).

Danielmont the Grave Robber (Human Necromancer)     Turns: 4217, Time: 00:45:27

Health: 0/41       AC:  4    Str:  9    XL:     6   Next: 77%
Magic:  6/12       EV: 13    Int: 17    God:
Gold:   184        SH:  0    Dex: 13    Spells: 2/13 levels left

rFire    . . .     SeeInvis .   u - +1 scythe
rCold    . . .     Gourm    .   (shield currently unavailable)
rNeg     + + .     Faith    .   v - +1 robe {rN+}
rPois    .         Spirit   .   (no helmet)
rElec    .         Reflect  .   f - +0 cloak
rCorr    .         Harm     .   (no gloves)
MR       +....                  (no boots)
Stlth    ++........             (no amulet)
HPRegen  0.13/turn              n - ring of positive energy
MPRegen  0.13/turn              s - ring of protection from magic

@: no status effects
A: no striking features
a: no special abilities


You were on level 4 of the Dungeon.
You were hungry.

You visited 1 branch of the dungeon, and saw 4 of its levels.

You collected 184 gold pieces.

Inventory:

Hand Weapons
 u - a +1 scythe (weapon)
Armour
 a - a +1 robe
 f - a +0 cloak (worn)
 g - a +0 leather armour
 k - a +0 robe
 l - a +0 ring mail
 m - a +0 ring mail
 p - a +0 robe
 v - a +1 robe of positive energy (worn)
Jewellery
 n - a ring of positive energy (left hand)
 s - a ring of protection from magic (right hand)
Wands
 w - a wand of flame (30)
Scrolls
 i - a scroll of amnesia
 x - 2 scrolls of blinking
 y - 2 scrolls of remove curse
 z - a scroll of identify
Potions
 d - 2 potions of agility {unknown}
 e - a potion of lignification {unknown}
 h - a potion of heal wounds {unknown}
 j - a potion of degeneration {unknown}
 q - 2 potions of flight {unknown}
 r - 2 potions of brilliance {unknown}
 t - a potion of haste {unknown}
Books
 b - a book of Necromancy

   Spells                             Type                      Level
   a - Pain                           Necromancy                   1
   b - Animate Skeleton               Necromancy                   1
   c - Vampiric Draining              Necromancy                   3
   d - Regeneration                   Charms/Necromancy            3
   e - Animate Dead                   Necromancy                   4
   f - Borgnjor's Vile Clutch         Necromancy/Earth             5
 o - a book of Minor Magic

   Spells                             Type                      Level
   a - Magic Dart                     Conjuration                  1
   b - Blink                          Translocation                2
   c - Call Imp                       Summoning                    2
   d - Slow                           Hexes                        2
   e - Conjure Flame                  Conjuration/Fire             3
   f - Mephitic Cloud                 Conjuration/Poison/Air       3
Comestibles
 c - 4 rations


   Skills:
 + Level 0.1 Fighting
 + Level 0.8 Polearms
 + Level 0.2 Armour
 + Level 2.7 Dodging
 - Level 2.0 Stealth
 + Level 4.3 Spellcasting
 + Level 5.6 Necromancy


You had 2 spell levels left.
You knew the following spells:

 Your Spells              Type           Power        Failure   Level  Hunger
a - Pain                  Necr           ###.         1%          1    None
b - Animate Skeleton      Necr           N/A          1%          1    None
c - Blink                 Tloc           N/A          22%         2    ##.....
d - Conjure Flame         Conj/Fire      #.......     41%         3    ###....
e - Animate Dead          Necr           N/A          14%         4    ####...


Dungeon Overview and Level Annotations

Branches:
Dungeon (4/15)
 Temple: D:4-7

Altars:
Dithmenos
Vehumet

Annotations:
D:3 bugatti's ghost, amateur HOAK


Message History

The orc priest completely misses you.
Casting: Pain
Confirm with . or Enter, or press ? or * to list all spells.
Aiming: Pain
Press: ? - help, Shift-Dir - straight line, f/p - orc
Aim: an orc, wielding a short sword and wearing a leather armour (heavily wounded, chance to defeat MR: 91%)
The orc writhes in agony!
You kill the orc!
The orc priest calls down the wrath of Beogh upon you.
Beogh smites you!
Found 16 stones.
Found a stone staircase leading down.
The orc priest miscasts a cantrip.
The orc priest looks satisfied for a moment.
Found 8 gold pieces.
Found a stone staircase leading up.
A worker ant comes into view.
The orc priest begins to cast a cantrip, but forgets the words!
The orc priest invokes the aid of Beogh against you.
Beogh smites you!
You die...

#.........#../. ..
###...#####.##.##.##..
......<............... .
........)..)...# .# ..
............o..# .# ...
###...#####.#o###.##..$.
#.........o...........
#...#####.#........#
#...# #.#...@?...# #...#
#.##....##.# ....#
#.##...... # .........#
###.#..(#.# #....>..#
#<....... .....a..##


You could see a worker ant (sleeping), 2 orc priests and an orc.

Vanquished Creatures
  Jessica (D:2)
  Natasha (D:2)
  An orc wizard (D:3)
  3 adders
  An ooze (D:3)
  A worm (D:3)
  3 leopard geckos
  4 orcs
  7 bats
  4 giant cockroaches
  12 goblins
  13 hobgoblins
  5 kobolds
  2 ball pythons (D:3)
  6 frilled lizards
  5 rats
69 creatures vanquished.

Vanquished Creatures (collateral kills)
  Sigmund (D:2)
  2 adders (D:3)
  2 worms (D:3)
  2 dart slugs
  An orc (D:3)
  A hobgoblin (D:3)
  A kobold (D:3)
  A ball python (D:1)
  4 bats (D:3)
  2 rats (D:3)
17 creatures vanquished.

Grand Total: 86 creatures vanquished

Notes
Turn   | Place    | Note
-------+----------+-------------------------------------------
     0 | D:1      | Danielmont the Human Necromancer began the quest for the Orb.
     0 | D:1      | Reached XP level 1. HP: 13/13 MP: 3/3
    21 | D:1      | Learned a level 1 spell: Animate Skeleton
   552 | D:1      | Reached XP level 2. HP: 19/19 MP: 3/5
  1163 | D:1      | Reached XP level 3. HP: 20/24 MP: 0/6
  1716 | D:2      | Learned a level 2 spell: Blink
  1797 | D:2      | Noticed Jessica
  1803 | D:2      | Killed Jessica
  1803 | D:2      | Reached XP level 4. HP: 27/30 MP: 5/8
  1862 | D:2      | Noticed Sigmund
  1890 | D:2      | Killed Sigmund
  1890 | D:2      | Reached skill level 5 in Necromancy
  1890 | D:2      | Reached XP level 5. HP: 12/35 MP: 0/10
  2259 | D:2      | Noticed Natasha
  2261 | D:2      | Killed Natasha
  2261 | D:2      | Reached XP level 6. HP: 33/41 MP: 8/12
  2405 | D:2      | Learned a level 3 spell: Conjure Flame
  2497 | D:3      | Found a shadowy altar of Dithmenos.
  2533 | D:3      | Found a radiant altar of Vehumet.
  2734 | D:3      | Noticed bugatti's ghost (amateur HOAK)
  3344 | D:3      | Learned a level 4 spell: Animate Dead
  4217 | D:4      | Killed from afar by an orc priest

Skill      XL: |  1  2  3  4  5 |
---------------+----------------+-----
Spellcasting   | 3 4 |  4.3
Necromancy     | 5 |  5.6
Fighting       | |  0.1
Polearms       | |  0.8
Armour         | |  0.2
Dodging        | |  2.7
Stealth        | |  2.0

Action                   |  1- 3 |  4- 6 || total
-------------------------+-------+-------++-------
Melee: Unarmed           |     8 |     1 ||     9
       Scythe            |       |    31 ||    31
 Cast: Pain              |    50 |    83 ||   133
       Animate Skeleton  |    10 |    17 ||    27
       Animate Dead      |       |     5 ||     5
       Blink             |       |     4 ||     4
  Use: Scroll            |     8 |     4 ||    12
  Eat: Chunk             |     3 |     5 ||     8
       Ration            |       |     1 ||     1
Armor: Ring mail         |    12 |       ||    12
       Robe              |       |    33 ||    33
Dodge: Dodged            |    16 |    78 ||    94
